 Dungeon Crawl Stone Soup version 0.28-a0-413-gde365fb1df (webtiles) character file.

Game seed: 3076941757752715521

18 Jakey the Ducker (level 2, 0/25 HPs)
             Began as a Hill Orc Wanderer on Sept 7, 2021.
             Slain by Terence (2 damage)
             ... on level 2 of the Dungeon.
             The game lasted 00:04:19 (513 turns).

Jakey the Ducker (Hill Orc Wanderer)                 Turns: 513, Time: 00:04:20

Health: 0/25       AC:  5    Str: 13    XL:     2   Next: 70%
Magic:  2/2        EV: 12    Int: 13    God:
Gold:   26         SH:  0    Dex: 10    Spells: 1/1 levels left

rFire   . . .      SeeInvis .   a - +0 short sword
rCold   . . .      Faith    .   (no shield)
rNeg    . . .      Spirit   .   b - +2 leather armour
rPois   .          Reflect  .   (no helmet)
rElec   .          Harm     .   (no cloak)
rCorr   .          Rampage  .   (no gloves)
Will    .....                   (no boots)
Stlth   +.........              (no amulet)
HPRegen 0.08/turn               (no ring)
MPRegen 0.08/turn               (no ring)

@: no status effects
A: no striking features
a: no special abilities


You were on level 2 of the Dungeon.
You visited 1 branch of the dungeon, and saw 2 of its levels.

You collected 26 gold pieces.

Inventory:

Hand Weapons
 a - a +0 short sword (weapon)
 d - a +0 dagger
Missiles
 e - a throwing net (quivered)
Armour
 b - a +2 leather armour (worn)
 f - a +0 ring mail
Magical Staves
 c - a staff of poison


   Skills:
 + Level 2.5 Fighting
 + Level 1.2 Short Blades
 + Level 0.2 Armour
 + Level 3.6 Dodging
 + Level 1.9 Stealth
 + Level 1.1 Shields


You had one spell level left.
You didn't know any spells.
Your spell library was empty.

Dungeon Overview and Level Annotations

Branches:
Dungeon (2/15)

Altars:

Annotations:
D:2 Terence


Message History

You see here a ball python corpse.
There is a stone staircase leading down here.
You climb downwards.
Found a dagger.
There is a stone staircase leading up here.
Found a weird jewelled staff.
A goblin comes into view. It is wielding a +0 dagger.
The goblin shouts!
You hear a shout!
Found a stone staircase leading down.
A kobold comes into view. It is wielding a +0 short sword.
The kobold shouts!
Found an escape hatch in the floor.
The kobold barely misses you.
You hit the kobold.
You kill the kobold!
The goblin misses you.
You miss the goblin. The goblin barely misses you.
The goblin closely misses you.
You closely miss the goblin. The goblin hits you with a +0 dagger.
Found a leather armour.
You hit the goblin.
You kill the goblin!
You see here a +0 short sword.
You see here a +0 dagger.
Terence the Incautious comes into view.
He is wielding a +0 mace.
Terence shouts!
Terence says, "How do you enjoy it?"
Found 30 stones.
You see here a staff of poison.
c - a staff of poison Terence drinks a potion.
Terence goes berserk!
You hit Terence but do no damage. Terence closely misses you.
Terence hits you with a +0 mace!
You hit Terence but do no damage. Terence misses you.
You completely miss Terence. Terence hits you with a +0 mace!
Ouch! That really hurt!
* * * LOW HITPOINT WARNING * * *
Terence barely misses you. Terence hits you with a +0 mace.
You die...

##### #.(.. #....
>...## # #. ..#
#.. #.##.###...#
#.@@.....#
####....####
#>...#.####
#....#....##
#....#).#..######
#...#.)..........
#.....#...#.###
#...#####....#
#... ##.#...#


You could see Terence (berserk).

Vanquished Creatures
  An endoplasm (D:1)
  3 goblins
  4 kobolds
  2 quokkas (D:1)
  3 ball pythons (D:1)
  2 bats (D:1)
  2 frilled lizards (D:1)
  A rat (D:1)
18 creatures vanquished.

Notes
Turn   | Place    | Note
-------+----------+-------------------------------------------
     0 | D:1      | Jakey the Hill Orc Wanderer began the quest for the Orb.
     0 | D:1      | Jakey set off with the following items: a +0 short sword, a
                  | +2 leather armour, a potion of curing, a +0 dagger
     0 | D:1      | Reached XP level 1. HP: 18/18 MP: 1/1
    84 | D:1      | Reached XP level 2. HP: 9/25 MP: 2/2
   503 | D:2      | Noticed Terence
   513 | D:2      | Slain by Terence

Illustrated notes

Levels and vault maps discovered:
D:1:      dpeg_arrival_radiant, layout_loops_ring, minmay_misc_feat_iff,
          hangedman_abyss_or_decor_stabs, minmay_misc_feat_ornament,
          amcnicky_mini_pool_small
D:2:      layout_rooms, uniq_terence

Action                   || total
-------------------------++-------
Melee: Short sword       ||    74
  Use: Potion            ||     2
 Stab: Sleeping          ||     1
Armor: Leather armour    ||    25
Dodge: Dodged            ||    47

Table legend: (Time is in decaauts)
 A = Elapsed time spent in this place.
 B = Non-inter-level travel time spent in this place.
 C = Inter-level travel time spent in this place.
 D = Time resting spent in this place.
 E = Time spent auto-exploring this place.
 F = Levels seen in this place.
 G = Mean time per level.
                   A        B        C        D        E       F      G
               +--------+--------+--------+--------+--------+-----+--------+
         Total |    517 |    511 |      6 |      0 |      0 |   2 |  258.5 |
       Dungeon |    517 |    511 |      6 |      0 |      0 |   2 |  258.5 |
               +--------+--------+--------+--------+--------+-----+--------+

Top non-repeatable levels by time:
     D:1: 485 daAuts
     D:2: 32 daAuts
